 Dungeon Crawl Stone Soup version 0.24-a0-282-g1a68c91 (webtiles) character file.

Game seed: 7179319324893539298

47 MatthieuS the Slasher (level 3, 0/26 HPs)
             Began as a Human Wanderer on May 3, 2019.
             Succumbed to an adder's poison
             ... on level 2 of the Dungeon.
             The game lasted 00:06:16 (1565 turns).

MatthieuS the Slasher (Human Wanderer)              Turns: 1565, Time: 00:06:17

Health: 0/26       AC:  5    Str: 11 (12) XL:     3   Next: 97%
Magic:  1/4        EV: 10    Int: 11 (13) God:
Gold:   57         SH:  2    Dex:  9 (12) Spells: 1/4 levels left

rFire    + + .     SeeInvis .   a - +2 falchion
rCold    + . .     Gourm    .   (no shield)
rNeg     . . .     Faith    .   h - +2 leather armour {rF+}
rPois    +         Spirit   .   (no helmet)
rElec    +         Reflect  +   (no cloak)
rCorr    +         Harm     .   (no gloves)
MR       .....                  (no boots)
Stlth    +.........             q - +2 amulet of reflection
HPRegen  0.08/turn              (no ring)
MPRegen  0.09/turn              (no ring)

@: lethally poisoned (0 -> -13), resistant
A: no striking features
a: no special abilities


You were on level 2 of the Dungeon.
You were hungry.

You visited 1 branch of the dungeon, and saw 2 of its levels.

You collected 57 gold pieces.

Inventory:

Hand Weapons
 a - a +2 falchion (weapon)
 g - a +0 dagger
   (You found it on level 1 of the Dungeon)
 i - a +0 vampiric dagger {!w}
   (You took it off a goblin on level 1 of the Dungeon)
Armour
 d - a +0 robe
 h - a +2 leather armour of fire resistance (worn)
   (You found it on level 1 of the Dungeon)
 o - a +0 scale mail
   (You found it on level 2 of the Dungeon)
Jewellery
 q - a +2 amulet of reflection (around neck)
   (You found it on level 2 of the Dungeon)
 s - an uncursed ring of ice {unknown}
   (You found it on level 2 of the Dungeon)
Scrolls
 b - a scroll of remove curse {unknown}
 c - 2 scrolls of teleportation {@r4}
 f - a scroll of blinking {unknown}
 n - 2 scrolls of fog
 p - a scroll of immolation {unknown}
 r - a scroll of enchant armour {unknown}
Potions
 l - a potion of cancellation
 m - a potion of haste {@q3}
Comestibles
 e - 6 rations


   Skills:
 + Level 1.3 Fighting
 - Level 3.0 Long Blades
 - Level 1.0 Throwing
 - Level 1.0 Stealth
 + Level 1.2 Spellcasting
 + Level 1.4 Conjurations
 + Level 0.5 Hexes
   Level 1.0 Translocations
 + Level 2.6 Air Magic
   Level 1.0 Evocations


You had one spell level left.
You knew the following spells:

 Your Spells              Type           Power        Failure   Level  Hunger
a - Shock                 Conj/Air       #...         19%         1    ##.....
b - Ensorcelled Hibernat  Hex/Ice        #.....       50%         2    ###....

Your spell library contained the following spells:

 Spells                   Type           Power        Failure   Level  Hunger
 Throw Frost              Conj/Ice       #.....       43%         2    ###....
 Mephitic Cloud           Conj/Pois/Air  #.......     56%         3    ####...


Dungeon Overview and Level Annotations

Branches:
Dungeon (2/15)

Altars:


Message History

You miss the adder. The adder bites you but does no damage.
You miss the adder. The adder closely misses you.
You riposte.
You barely miss the adder. The adder barely misses you.
You riposte.
You miss the adder.
Aim: an adder The zap misses the adder.
The zap hits the goblin.
The zap hits the adder.
You are feeling hungry.
You feel sick. You block the adder's attack.
You hit the adder. The adder barely misses you.
You riposte.
You hit the adder.
You kill the adder!
The goblin hits you with a +0 dagger.
Aim: a goblin, wielding a +0 club The zap hits the goblin.
You kill the goblin!
The zap misses the adder.
The zap misses the goblin.
You barely miss the adder.
You feel sick. The adder bites you but does no damage. The adder bites you.
* * * LOW HITPOINT WARNING * * *
Aim: a goblin, wielding a +0 club The zap hits the adder.
The zap hits the goblin.
The adder bites you.
* * * LOW HITPOINT WARNING * * *
The zap misses the adder.
The zap hits the goblin.
You kill the goblin!
You block the adder's attack. The adder bites you.
* * * LOW HITPOINT WARNING * * *
You are lethally poisoned!
The adder poisons you!
It was a potion of haste.
You feel yourself speed up.
* * * LOW HITPOINT WARNING * * *
You feel sick. The adder barely misses you.
It was a potion of cancellation.
Your magical effects are unravelling.
You feel magically purged.
You feel yourself slow down. The adder bites you but does no damage.
It was a potion of degeneration.
There was something very wrong with that liquid.
You feel weakened.
You feel dopey.
You feel clumsy.
* * * LOW HITPOINT WARNING * * *
You feel sick. The adder bites you.
* * * LOW HITPOINT WARNING * * *
You are more poisoned.
The adder poisons you!
It was a potion of resistance.
You feel protected.
* * * LOW HITPOINT WARNING * * *
You feel sick. The adder misses you.
You don't have enough magic to cast that spell.
You hit the adder.
You die...

#.#####.###...#
#.#.....#.....#
#.#.##..#.#...#
#.#.......#.... ###
#.............. !...#.
+.............. .#....
#..............
......####......####....
#..@S).....## #....
#..#####.#.# #....
######..#####.#.# ####.
............#...# #####.
........((......# #.....
.........S..###.# #.####
..............#.# #.#
................# #.####
............##### #....#


You could see an adder.

Vanquished Creatures
  A gnoll (D:1)
  An adder (D:2)
  A worm (D:2)
  A dart slug (D:1)
  A leopard gecko (D:2)
  A giant cockroach (D:2)
  8 goblins
  A quokka (D:2)
  A bat (D:1)
  5 kobolds
  A rat (D:2)
22 creatures vanquished.

Notes
Turn   | Place    | Note
-------+----------+-------------------------------------------
     0 | D:1      | MatthieuS the Human Wanderer began the quest for the Orb.
     0 | D:1      | MatthieuS set off with the following items: a +2 falchion,
                  | a +0 robe, a ration; and the following spell memorised:
                  | Shock; and the following spells available to memorise:
                  | Ensorcelled Hibernation, Throw Frost, Mephitic Cloud
     0 | D:1      | Reached XP level 1. HP: 15/15 MP: 1/1
   300 | D:1      | Reached XP level 2. HP: 21/21 MP: 0/2
   641 | D:1      | Reached skill level 1 in Spellcasting
   641 | D:1      | Reached skill level 1 in Conjurations
   641 | D:1      | Reached XP level 3. HP: 26/26 MP: 0/4
   720 | D:1      | Learned a level 2 spell: Ensorcelled Hibernation
  1564 | D:2      | HP: 1/26 [poisoned by an adder]
  1565 | D:2      | Succumbed to an adder's poison

Levels and vault maps discovered:
D:1:      onia_arrival_pentagram, layout_loops_corners
D:2:      layout_basic, first_ration

Skill      XL: |  1  2 |
---------------+-------+-----
Spellcasting   | 1 |  1.2
Conjurations   | 1 |  1.4
Fighting       | |  1.3
Long Blades    | |  3.0
Throwing       | |  1.0
Stealth        | |  1.0
Hexes          | |  0.5
Translocations | |  1.0
Air Magic      | |  2.6
Evocations     | |  1.0

Action                   || total
-------------------------++-------
Melee: Falchion          ||    40
 Cast: Shock             ||    14
  Use: Potion            ||     4
       Scroll            ||     3
 Stab: Sleeping          ||     1
  Eat: Chunk             ||     2
Armor: Robe              ||     2
       Leather armour    ||    10
Dodge: Dodged            ||    23
Block: Other             ||     3
       Rpst.: Falchion   ||     7

Table legend:
 A = Non-vault XP
 B = Vault XP
 C = Vault XP percentage of total XP
 D = Non-vault monster count
 E = Vault monster count
 F = Vault count percentage of total count
                 A         B        C        D         E       F
            +---------+---------+-------+---------+---------+-------
      Total |      68 |       0 |   0.0 |      22 |       0 |   0.0
            +---------+---------+-------+---------+---------+-------
        D:1 |      30 |       0 |   0.0 |       9 |       0 |   0.0
        D:2 |      38 |       0 |   0.0 |      13 |       0 |   0.0
            +---------+---------+-------+---------+---------+-------
